 Dungeon Crawl Stone Soup version 0.26-a0-18-g135ff06667 (webtiles) character file.

Game seed: 1782499216471208492, levelgen mode: deterministic

958 Mrkan the Chopper (level 7, -1/62 HPs)
             Began as a Minotaur Fighter on May 25, 2020.
             Was a Believer of Zin.
             Slain by an orc warrior
             ... wielding a +0 battleaxe
              (4 damage)
             ... on level 6 of the Dungeon.
             The game lasted 00:04:56 (5283 turns).

Mrkan the Chopper (Minotaur Fighter)                Turns: 5283, Time: 00:04:58

Health: -1/62      AC: 12    Str: 20    XL:     7   Next: 91%
Magic:  6/6        EV:  5    Int:  5    God:    Zin [**....]
Gold:   171        SH:  0    Dex: 12    Spells: 6/6 levels left

rFire    . . .     SeeInvis .   a - +0 war axe
rCold    . . .     Gourm    .   c - +0 kite shield
rNeg     . . .     Faith    .   v - +0 plate armour
rPois    .         Spirit   .   (helmet restricted)
rElec    .         Reflect  .   (no cloak)
rCorr    .         Harm     .   (no gloves)
MR       .....                  (no boots)
Stlth    ..........             (no amulet)
HPRegen  0.20/turn              (no ring)
MPRegen  0.10/turn              (no ring)

@: confused
A: retaliatory headbutt, horns 2
a: Recite, Vitalisation, Donate Gold, Renounce Religion


You were on level 6 of the Dungeon.
You worshipped Zin.
Zin was pleased with you.
You were hungry.

You visited 1 branch of the dungeon, and saw 6 of its levels.

You collected 189 gold pieces.
You donated 18 gold pieces to Zin.

Inventory:

Hand Weapons
 a - a +0 war axe (weapon)
Armour
 c - a +0 kite shield (worn)
 v - a +0 plate armour (worn)
Scrolls
 e - 2 scrolls of teleportation {unknown}
 h - a scroll of amnesia {unknown}
 i - 2 scrolls of enchant armour {unknown}
 l - a scroll of remove curse {unknown}
 m - a scroll of magic mapping {unknown}
 o - 2 scrolls of fear {unknown}
 s - a scroll of enchant weapon {unknown}
 t - 3 scrolls of identify {unknown}
 u - a scroll of random uselessness {unknown}
Potions
 d - 2 potions of might
 g - a potion of mutation {unknown}
 j - a potion of lignification {unknown}
 k - a potion of degeneration {unknown}
 n - 6 potions of flight {unknown}
 p - 3 potions of curing {unknown}
 q - a potion of stabbing {unknown}
 r - 2 potions of heal wounds {unknown}
Comestibles
 f - 4 rations


   Skills:
 + Level 5.8 Fighting
 * Level 6.8 Axes
 + Level 5.6 Armour
 + Level 3.6 Dodging
 + Level 5.6 Shields


You had 6 spell levels left.
You didn't know any spells.
Your spell library was empty.

Dungeon Overview and Level Annotations

Branches:
Dungeon (6/15)
 Temple: D:4-7

Altars:
Okawaru
Sif Muna
Uskayaw
Wu Jian
Xom
Zin


Innate Abilities, Weirdness & Mutations

You reflexively headbutt those who attack you in melee.
You have a pair of horns on your head.


Message History

You hit the gnoll shaman but do no damage.
The gnoll shaman hits you with a +0 whip.
The orc warrior hits you with a +0 battleaxe.
You closely miss the orc warrior.
The orc warrior is moderately wounded.
You miss something.
You hit the gnoll shaman but do no damage.
The gnoll shaman hits you with a +0 whip.
* * * LOW HITPOINT WARNING * * *
Something hits you but does no damage.
The orc warrior hits you with a +0 battleaxe!
* * * LOW HITPOINT WARNING * * *
You closely miss the gnoll shaman.
You headbutt the gnoll shaman, but do no damage.
The gnoll shaman is moderately wounded.
You closely miss the orc warrior. You closely miss something.
The gnoll shaman hits you but does no damage.
Something hits you but does no damage.
The orc warrior hits you with a +0 battleaxe.
You die...

#########.#
######.......#.#
................
............#
#........# #
#####...g@...#..
.......).o.......
.........#.......
...........###...
...........# .[
##.........#
#......#
#.........#
#......##
#......†..#
#.......###.
#.........#
#...........


You could see an orc warrior and a gnoll shaman.

Vanquished Creatures
  A wyvern (D:5)
  2 ogres
  A centaur (D:4)
  A scorpion (D:4)
  A howler monkey (D:4)
  3 crimson imps
  2 hounds
  An orc wizard (D:3)
  2 worker ants (D:4)
  A hound skeleton (D:4)
  10 adders
  An ooze (D:1)
  An adder skeleton (D:4)
  4 worms
  4 dart slugs
  3 leopard geckos (D:3)
  17 orcs
  4 giant cockroaches
  7 goblins
  7 hobgoblins
  2 quokkas (D:3)
  6 ball pythons
  10 bats
  3 frilled lizards
  A jackal skeleton (D:5)
  10 kobolds
  4 rats
109 creatures vanquished.

Notes
Turn   | Place    | Note
-------+----------+-------------------------------------------
     0 | D:1      | Mrkan the Minotaur Fighter began the quest for the Orb.
     0 | D:1      | Reached XP level 1. HP: 19/19 MP: 0/0
   231 | D:1      | Reached XP level 2. HP: 27/27 MP: 1/1
   478 | D:1      | Reached skill level 3 in Axes
   511 | D:1      | Reached XP level 3. HP: 33/33 MP: 2/2
   840 | D:2      | Reached skill level 1 in Dodging
   848 | D:2      | Found a shimmering altar of Xom.
   864 | D:2      | Noticed an angel
   867 | D:2      | Found a glowing silver altar of Zin.
   882 | D:2      | Became a worshipper of Zin the Law-Giver
   963 | D:2      | Reached * piety under Zin
  1183 | D:2      | Found a hide-covered altar of Uskayaw.
  1189 | D:2      | Reached XP level 4. HP: 40/40 MP: 3/3
  1207 | D:2      | Reached skill level 4 in Axes
  1595 | D:2      | Found a shimmering blue altar of Sif Muna.
  1750 | D:3      | Reached XP level 5. HP: 44/47 MP: 4/4
  2598 | D:4      | Noticed an ogre
  2605 | D:4      | Killed an ogre
  2605 | D:4      | Reached skill level 5 in Axes
  2605 | D:4      | Reached XP level 6. HP: 55/55 MP: 5/5
  2973 | D:4      | Reached skill level 5 in Fighting
  3108 | D:4      | Reached skill level 5 in Armour
  3209 | D:4      | Reached skill level 5 in Shields
  3209 | D:4      | Reached XP level 7. HP: 44/61 MP: 6/6
  3484 | D:4      | Found an iron altar of Okawaru.
  3757 | D:5      | Entered Level 5 of the Dungeon
  3858 | D:5      | Found an ornate altar of the Wu Jian Council.
  3936 | D:5      | Reached skill level 6 in Axes
  4554 | D:5      | Reached ** piety under Zin
  4584 | D:5      | Noticed a wyvern
  4594 | D:5      | Killed a wyvern
  5282 | D:6      | HP: 3/62 [orc warrior/+0 battleaxe (13)]
  5283 | D:6      | Slain by an orc warrior

Illustrated notes

Levels and vault maps discovered:
D:1:      sevenhm_arrival_forest_fort_small_5, layout_loops_ring
D:2:      layout_rooms, grunt_temple_overflow_order_and_chaos_1,
          eat_drink_and_be_merry_uskayaw, led_sif_pool, first_ration
D:3:      layout_basic
D:4:      layout_basic, okawaru_ov_weapons_minmay, uniq_duvessa
D:5:      layout_loops_corners, basic_altar
D:6:      layout_basic, minmay_temple_entry_mist, grunt_gozag_statues,
          uniq_menkaure

Skill      XL: |  1  2  3  4  5  6  7 |
---------------+----------------------+-----
Axes           | 3 4 5 6 |  6.8
Fighting       | 4 5 |  5.8
Dodging        | 1 2 3 |  3.6
Armour         | 4 5 |  5.6
Shields        | 4 5 |  5.6

Action                   |  1- 3 |  4- 6 |  7- 9 || total
-------------------------+-------+-------+-------++-------
Melee: War axe           |    68 |   135 |    81 ||   284
       Headbutt          |     9 |    22 |    12 ||    43
  Eat: Chunk             |     1 |     6 |     3 ||    10
       Ration            |       |       |     1 ||     1
Armor: Scale mail        |    41 |    65 |    10 ||   116
       Plate armour      |       |       |    20 ||    20
Dodge: Dodged            |    27 |    42 |    18 ||    87
Block: Kite shield       |    47 |    85 |    42 ||   174

Table legend:
 A = Non-vault XP
 B = Vault XP
 C = Vault XP percentage of total XP
 D = Non-vault monster count
 E = Vault monster count
 F = Vault count percentage of total count
                 A         B        C        D         E       F
            +---------+---------+-------+---------+---------+-------
      Total |    1369 |       0 |   0.0 |     109 |       0 |   0.0
            +---------+---------+-------+---------+---------+-------
        D:1 |      44 |       0 |   0.0 |      23 |       0 |   0.0
        D:2 |     137 |       0 |   0.0 |      22 |       0 |   0.0
        D:3 |     158 |       0 |   0.0 |      37 |       0 |   0.0
        D:4 |     489 |       0 |   0.0 |      10 |       0 |   0.0
        D:5 |     483 |       0 |   0.0 |      14 |       0 |   0.0
        D:6 |      58 |       0 |   0.0 |       3 |       0 |   0.0
            +---------+---------+-------+---------+---------+-------
